 Dungeon Crawl Stone Soup version 0.26.1-11-gd32895ea62 (webtiles) character file.

Game seed: 13341693524787459607

15 MajorAdolf the Grave Robber (level 2, 0/27 HPs)
             Began as a Naga Wanderer on July 23, 2021.
             Slain by a hobgoblin
             ... wielding a +0 club
              (5 damage)
             ... on level 1 of the Dungeon.
             The game lasted 00:01:00 (1261 turns).

MajorAdolf the Grave Robber (Naga Wanderer)         Turns: 1261, Time: 00:01:00

Health: 0/27       AC:  1    Str: 15    XL:     2   Next: 50%
Magic:  3/3        EV:  9    Int: 13    God:
Gold:   22         SH:  0    Dex:  8    Spells: 3/3 levels left

rFire    . . .     SeeInvis +   a - +0 falchion
rCold    . . .     Faith    .   (no shield)
rNeg     . . .     Spirit   .   d - +0 robe
rPois    +         Reflect  .   (no helmet)
rElec    .         Harm     .   (no cloak)
rCorr    .         Rampage  .   (no gloves)
Will     .....                  (no barding)
Stlth    +.........             (no amulet)
HPRegen  0.09/turn              (no ring)
MPRegen  0.08/turn              (no ring)

@: short of breath, very slow
A: large, see invisible, deformed body, poison resistance, slowness 2, spit
poison 1, AC +0
a: Spit Poison


You were on level 1 of the Dungeon.
You visited 1 branch of the dungeon, and saw 1 of its levels.

You collected 22 gold pieces.

Inventory:

Hand Weapons
 a - a +0 falchion (weapon)
Armour
 d - a +0 robe (worn)
Scrolls
 e - 2 scrolls of fog {unknown}
 g - a scroll of teleportation {unknown}
 h - a scroll of remove curse {unknown}
Potions
 c - 2 potions of brilliance {unknown}
 f - a potion of curing {unknown}
Miscellaneous
 b - a phantom mirror (quivered)


   Skills:
 + Level 2.4 Fighting
 - Level 1.0 Short Blades
 - Level 1.0 Dodging
 - Level 1.5 Stealth
 - Level 1.0 Spellcasting
 - Level 4.0 Necromancy
 - Level 1.0 Evocations


You had 3 spell levels left.
You didn't know any spells.
Your spell library was empty.

Dungeon Overview and Level Annotations

Branches:
Dungeon (1/15)

Altars:


Innate Abilities, Weirdness & Mutations

You cannot wear boots.
Your serpentine skin is tough. (AC +0)
You have supernaturally acute eyesight. (SInv)
Armour fits poorly on your strangely shaped body.
Your system is resistant to poisons. (rPois)
You cover ground very slowly.
You can spit poison.


Message History

You are too injured to fight recklessly!
Unknown command.
The bat barely misses you. The bat hits you.
* * * LOW HITPOINT WARNING * * *
The bat hits you but does no damage. The bat closely misses you.
The hobgoblin hits you with a +0 club.
* * * LOW HITPOINT WARNING * * *
You miss the bat. The bat hits you.
* * * LOW HITPOINT WARNING * * *
The hobgoblin barely misses you.
You riposte.
You closely miss the hobgoblin. You hit the bat.
You kill the bat!
The hobgoblin barely misses you.
You riposte.
You barely miss the hobgoblin.
Press: ? - help, Shift-Dir - straight line, f - hobgoblin
Aim: a hobgoblin, wielding a +0 club The splash of poison misses the hobgoblin.
The hobgoblin barely misses you.
You riposte.
You barely miss the hobgoblin.
Unknown command.
You closely miss the hobgoblin. The hobgoblin hits you with a +0 club.
You die...

...†......##....# .##....
.##.. ..........##....#..#
#.... ..........##....#..#
#..... ..........##....#..#
..........##....#..#
####......##....#..###
#......##...##....
####......##...###.######.#.
#.........+.....@g..........
#.##......##.######.........
.......#.###.# #.#.....#.
#.#......# #.# #.#.#####
#.######.###.######.#.#
.........>.......#.#.#
.######.###.####.#.#.# #.#
#.# #.#.# ... ..#


You could see a hobgoblin.

Vanquished Creatures
  A leopard gecko (D:1)
  2 bats (D:1)
  3 hobgoblins (D:1)
  3 jackals (D:1)
  2 kobolds (D:1)
  A rat (D:1)
12 creatures vanquished.

Notes
Turn   | Place    | Note
-------+----------+-------------------------------------------
     0 | D:1      | MajorAdolf the Naga Wanderer began the quest for the Orb.
     0 | D:1      | MajorAdolf set off with the following items: a +0 falchion,
                  | a phantom mirror, a potion of lignification, a +0 robe
     0 | D:1      | Reached XP level 1. HP: 18/18 MP: 2/2
   490 | D:1      | Reached XP level 2. HP: 15/26 MP: 3/3
  1261 | D:1      | Slain by a hobgoblin

Illustrated notes

Levels and vault maps discovered:
D:1:      evilmike_arrival_hilbert_curve, layout_basic, minmay_hexomino_u4

Skill      XL: |  1 |
---------------+----+-----
Fighting       | 2 |  2.4
Short Blades   | |  1.0
Dodging        | |  1.0
Stealth        | |  1.5
Spellcasting   | |  1.0
Necromancy     | |  4.0
Evocations     | |  1.0

Action                   || total
-------------------------++-------
Melee: Falchion          ||    42
 Abil: Spit Poison       ||     3
  Use: Potion            ||     1
Armor: Robe              ||    18
       Skin              ||     1
Dodge: Dodged            ||    37
       Rpst.: Falchion   ||    18
